General information
- name: BNet
- type: Ladder team game (AT/RT)
- host: Battle.net
- saver: IPlayLater
map: Cherryville
- players: 8
- length: 23:17
- speed: Fast
- version: 1.27 W3XP
- replay type: Public
» download(205 KB)
Players
team 1 (winner)
biteuh (
purple | 161 APM | 3741 actions | 23:16)
9 Far Seer
3 Feral Spirit
3 Chain Lighting
1 Earth Quake
2 Far Sight
» actions
| Assign group hotkey | 154 | |
| Basic commands | 21 | |
| Build / train | 92 | |
| Enter build submenu | 20 | |
| Enter hero's abilities submenu | 9 | |
| Give item / drop item | 4 | |
| Right click | 1597 | |
| Select / deselect | 610 | |
| Select group hotkey | 1104 | |
| Use ability | 130 | |
3741 total
» units
| Peon | 17 | |
| Grunt | 5 | |
| Wind Rider | 11 | |
| Kodo Beast | 2 | |
35 total
» upgrades
| Spiked Barricades | 1 | |
| Pillage | 1 | |
| Berserker Strength | 1 | |
| Ranged Weapons | 3 | |
| Ensnare | 1 | |
| Envenomed Spears | 1 | |
| War Drums Damage Increase | 1 | |
| Reinforced Defenses | 1 | |
10 total
» buildings
| Altar of Storms | 1 | |
| Orc Burrow | 6 | |
| Barracks | 1 | |
| Voodoo Lounge | 2 | |
| War Mill | 1 | |
| Great Hall | 1 | |
| Watch Tower | 3 | |
| Stronghold | 1 | |
| Beastiary | 3 | |
| Fortress | 1 | |
20 total
» build order
00:06 Altar of Storms
00:18 Orc Burrow
00:37 Barracks
01:26 Orc Burrow
01:59 Voodoo Lounge
02:48 Orc Burrow
03:37 War Mill
04:35 Great Hall
04:52 Watch Tower
05:07 Stronghold
05:59 Watch Tower
06:00 Watch Tower
07:07 Voodoo Lounge
07:29 Beastiary
07:30 Beastiary
09:11 Orc Burrow
09:27 Beastiary
09:54 Orc Burrow
11:56 Fortress
12:43 Orc Burrow
» items
| Healing Salve | 10 | |
| Lesser Clarity Potion | 12 | |
| Scroll of Speed | 3 | |
| Scroll of Town Portal | 4 | |
| Scroll of Protection | 1 | |
| Scroll of Healing | 1 | |
| Potion of Mana | 1 | |
32 total

»
serbon (
blue | 67 APM | 1549 actions | 23:16)
7 Warden
3 Shadow Strike
2 Fan of Knives
1 Spirit of Vengeance
1 Blink
» actions
| Assign group hotkey | 13 | |
| Basic commands | 17 | |
| Build / train | 86 | |
| Enter build submenu | 20 | |
| Enter hero's abilities submenu | 7 | |
| Remove unit from queue | 1 | |
| Right click | 804 | |
| Select / deselect | 290 | |
| Select group hotkey | 245 | |
| Use ability | 66 | |
1549 total
» units
| Wisp | 24 | |
| Archer | 2 | |
| Huntress | 9 | |
| Dryad | 9 | |
| Hippogryph | 2 | |
| Glaive Thrower | 2 | |
| Mountain Giant | 3 | |
| Chimaera | 2 | |
53 total
» upgrades
| Strength of the Wild | 2 | |
| Strength of the Moon | 3 | |
5 total
» buildings
| Moon Well | 9 | |
| Altar of Elders | 1 | |
| Ancient of War | 1 | |
| Ancient of Wonders | 1 | |
| Tree of Ages | 4 | |
| Hunter's Hall | 1 | |
| Tree of Eternity | 1 | |
| Ancient of Lore | 1 | |
| Ancient of Wind | 1 | |
| Tree of Life | 1 | |
| Ancient Protector | 4 | |
| Chimaera Roost | 1 | |
26 total
» build order
00:17 Moon Well
00:31 Altar of Elders
00:46 Ancient of War
01:51 Moon Well
02:13 Ancient of Wonders
02:41 Tree of Ages
02:41 Tree of Ages
02:42 Tree of Ages
02:56 Moon Well
04:39 Hunter's Hall
05:14 Tree of Eternity
05:47 Ancient of Lore
05:53 Ancient of Wind
07:21 Tree of Life
07:45 Ancient Protector
07:47 Ancient Protector
11:02 Moon Well
11:03 Moon Well
11:03 Moon Well
12:18 Chimaera Roost
13:00 Moon Well
13:01 Moon Well
16:58 Ancient Protector
20:00 Ancient Protector
» items
| Potion of Healing | 1 | |
| Potion of Mana | 2 | |
| Moonstone | 1 | |
| Scroll of Town Portal | 7 | |
| Orb of Venom | 1 | |
| Lesser Clarity Potion | 1 | |
13 total
NightElftest (
orange | 64 APM | 1500 actions | 23:16)
5 Blademaster
3 Wind Walk
2 Critical Strike
5 Shadow Hunter
3 Healing Wave
2 Hex
» actions
| Assign group hotkey | 53 | |
| Basic commands | 100 | |
| Build / train | 78 | |
| Enter build submenu | 13 | |
| Enter hero's abilities submenu | 10 | |
| Give item / drop item | 5 | |
| Right click | 763 | |
| Select / deselect | 211 | |
| Select group hotkey | 160 | |
| Use ability | 107 | |
1500 total
» units
| Peon | 8 | |
| Grunt | 8 | |
| Raider | 10 | |
| Troll Headhunter/Berserker | 10 | |
| Kodo Beast | 2 | |
| Tauren | 5 | |
43 total
» upgrades
| Ensnare | 1 | |
| Berserker Upgrade | 1 | |
| War Drums Damage Increase | 1 | |
| Pulverize | 1 | |
4 total
» buildings
| Altar of Storms | 1 | |
| Orc Burrow | 5 | |
| Barracks | 1 | |
| Voodoo Lounge | 1 | |
| Stronghold | 1 | |
| Beastiary | 1 | |
| Fortress | 1 | |
| War Mill | 1 | |
| Tauren Totem | 1 | |
| Great Hall | 1 | |
14 total
» build order
00:08 Altar of Storms
00:20 Orc Burrow
00:36 Barracks
01:35 Orc Burrow
02:21 Voodoo Lounge
03:16 Stronghold
05:25 Orc Burrow
06:06 Beastiary
06:32 Fortress
09:52 War Mill
10:41 Orc Burrow
11:36 Tauren Totem
12:45 Orc Burrow
23:14 Great Hall
» items
| Healing Salve | 7 | |
| Lesser Clarity Potion | 4 | |
| Boots of Speed | 1 | |
| Orb of Lightning | 1 | |
| Scroll of Town Portal | 2 | |
15 total
IPlayLater (
green | 26 APM | 613 actions | 23:17)
1 Paladin
1 Divine Shield
» actions
| Assign group hotkey | 9 | |
| Basic commands | 10 | |
| Build / train | 47 | |
| Enter build submenu | 36 | |
| Enter hero's abilities submenu | 1 | |
| Right click | 185 | |
| Select / deselect | 196 | |
| Select group hotkey | 37 | |
| Use ability | 92 | |
613 total
» units
| Peasant | 7 | |
| Goblin Shredder | 1 | |
| Goblin Zeppelin | 1 | |
| Mortar Team | 5 | |
| Sorceress | 2 | |
16 total
» upgrades
| Lumber Harvesting | 2 | |
| Masonry | 3 | |
| Gunpowder | 3 | |
| Plating | 1 | |
| Armor | 3 | |
| Sorceress Training | 1 | |
| Fragmentation Shards | 1 | |
| Flare | 1 | |
| Magic Sentry | 1 | |
16 total
» buildings
| Scout Tower | 25 | |
| Arcane Tower | 1 | |
| Keep | 1 | |
| Lumber Mill | 1 | |
| Guard Tower | 4 | |
| Altar of Kings | 1 | |
| Castle | 1 | |
| Blacksmith | 2 | |
| Farm | 9 | |
| Workshop | 3 | |
| Arcane Sanctum | 2 | |
50 total
» build order
02:51 Scout Tower
03:11 Arcane Tower
04:31 Keep
05:36 Lumber Mill
05:39 Scout Tower
05:40 Scout Tower
05:42 Scout Tower
05:43 Scout Tower
05:46 Scout Tower
05:49 Scout Tower
05:52 Scout Tower
05:54 Scout Tower
06:37 Guard Tower
07:16 Guard Tower
07:31 Altar of Kings
08:39 Castle
13:33 Blacksmith
13:35 Blacksmith
13:41 Farm
13:42 Farm
13:43 Farm
13:43 Farm
13:45 Farm
13:47 Farm
13:47 Farm
13:48 Farm
13:49 Farm
15:18 Workshop
15:20 Workshop
15:22 Workshop
16:09 Arcane Sanctum
16:24 Arcane Sanctum
19:43 Scout Tower
19:43 Scout Tower
19:43 Scout Tower
19:44 Scout Tower
19:44 Scout Tower
19:46 Scout Tower
19:46 Scout Tower
19:46 Scout Tower
19:46 Scout Tower
19:47 Scout Tower
20:10 Scout Tower
20:10 Scout Tower
20:11 Scout Tower
20:12 Scout Tower
20:33 Guard Tower
23:02 Guard Tower
23:08 Scout Tower
23:09 Scout Tower
» items
| Scroll of Town Portal | 3 | |
| Tiny Great Hall | 1 | |
| Boots of Speed | 1 | |
| Staff of Teleportation | 1 | |
6 total
team 2 (loser)
HeaD_HunteR_ (
teal | 134 APM | 3011 actions | 22:23)
4 Archmage
2 Summon Water Elemental
2 Brilliance Aura
2 Beastmaster
1 Summon Quilbeast
1 Summon Hawk
» actions
| Assign group hotkey | 79 | |
| Basic commands | 42 | |
| Build / train | 80 | |
| ESC pressed | 1 | |
| Enter build submenu | 24 | |
| Enter hero's abilities submenu | 6 | |
| Right click | 1185 | |
| Select / deselect | 644 | |
| Select group hotkey | 697 | |
| Use ability | 253 | |
3011 total
» units
| Peasant | 13 | |
| Footman | 10 | |
| Sorceress | 5 | |
| Priest | 10 | |
| Spell Breaker | 11 | |
49 total
» upgrades
| Defend | 1 | |
| Priest Training | 1 | |
| Sorceress Training | 1 | |
| Magic Sentry | 1 | |
4 total
» buildings
| Altar of Kings | 1 | |
| Barracks | 1 | |
| Farm | 10 | |
| Keep | 2 | |
| Arcane Vault | 3 | |
| Lumber Mill | 2 | |
| Scout Tower | 1 | |
| Arcane Sanctum | 2 | |
| Arcane Tower | 1 | |
| Blacksmith | 1 | |
24 total
» build order
00:10 Altar of Kings
00:22 Barracks
00:37 Farm
01:12 Farm
02:06 Farm
03:11 Keep
03:16 Arcane Vault
03:19 Arcane Vault
03:23 Farm
03:28 Lumber Mill
03:31 Lumber Mill
04:28 Farm
04:45 Farm
06:01 Scout Tower
07:04 Arcane Sanctum
07:07 Arcane Sanctum
07:14 Arcane Tower
07:16 Arcane Vault
07:57 Farm
10:53 Farm
19:08 Blacksmith
19:09 Farm
19:12 Farm
» items
| Lesser Clarity Potion | 7 | |
| Scroll of Regeneration | 4 | |
| Scroll of Town Portal | 3 | |
| Potion of Healing | 1 | |
15 total

»
Zoulian (
yellow | 27 APM | 606 actions | 22:09)
3 Blademaster
1 Wind Walk
2 Critical Strike
2 Shadow Hunter
1 Hex
1 Serpent Ward
1 Tauren Chieftain
1 Endurance Aura
» actions
| Assign group hotkey | 8 | |
| Build / train | 75 | |
| Enter build submenu | 30 | |
| Enter hero's abilities submenu | 6 | |
| Right click | 200 | |
| Select / deselect | 210 | |
| Select group hotkey | 18 | |
| Use ability | 59 | |
606 total
» units
| Peon | 17 | |
| Grunt | 2 | |
| Troll Headhunter/Berserker | 14 | |
| Demolisher | 2 | |
| Troll Batrider | 1 | |
| Shaman | 5 | |
| Wind Rider | 4 | |
45 total
» upgrades
| Armor | 1 | |
| Troll Regeneration | 1 | |
| Reinforced Defenses | 1 | |
| Berserker Upgrade | 1 | |
| Shaman Training | 2 | |
| Ranged Weapons | 1 | |
| Envenomed Spears | 1 | |
| Witch Doctor Training | 1 | |
9 total
» buildings
| Altar of Storms | 1 | |
| Orc Burrow | 6 | |
| Barracks | 1 | |
| War Mill | 1 | |
| Voodoo Lounge | 2 | |
| Stronghold | 1 | |
| Watch Tower | 11 | |
| Great Hall | 1 | |
| Fortress | 1 | |
| Spirit Lodge | 1 | |
| Beastiary | 1 | |
27 total
» build order
00:10 Altar of Storms
00:15 Orc Burrow
00:46 Barracks
01:35 War Mill
01:44 Orc Burrow
02:18 Voodoo Lounge
03:18 Stronghold
04:24 Orc Burrow
05:30 Orc Burrow
05:52 Watch Tower
05:58 Watch Tower
07:05 Great Hall
07:17 Watch Tower
08:11 Fortress
08:29 Watch Tower
09:33 Watch Tower
10:47 Voodoo Lounge
10:56 Watch Tower
11:58 Spirit Lodge
12:39 Watch Tower
12:50 Beastiary
13:24 Orc Burrow
13:58 Orc Burrow
16:58 Watch Tower
17:04 Watch Tower
17:07 Watch Tower
20:30 Watch Tower
» items
| Healing Salve | 2 | |
| Lesser Clarity Potion | 3 | |
| Orb of Lightning | 2 | |
| Scroll of Town Portal | 3 | |
10 total
NoBrainNoob (
red | 71 APM | 1660 actions | 23:16)
4 Demon Hunter
2 Evasion
2 Mana Burn
2 Keeper of the Grove
1 Entangling Roots
1 Force of Nature
2 Priestess of the Moon
1 Searing Arrows
1 Scout
» actions
| Assign group hotkey | 118 | |
| Basic commands | 217 | |
| Build / train | 115 | |
| Enter build submenu | 49 | |
| Enter hero's abilities submenu | 8 | |
| Give item / drop item | 3 | |
| Right click | 200 | |
| Select / deselect | 261 | |
| Select group hotkey | 596 | |
| Use ability | 93 | |
1660 total
» units
| Wisp | 44 | |
| Archer | 6 | |
| Hippogryph | 10 | |
| Druid of the Claw | 3 | |
63 total
» upgrades
| Ultravision | 1 | |
| Strength of the Wild | 3 | |
| Reinforced Hides | 2 | |
| Moon Armor | 1 | |
| Strength of the Moon | 1 | |
| Druid of the Claw Training | 2 | |
| Well Spring | 1 | |
| Mark of the Claw | 1 | |
12 total
» buildings
| Altar of Elders | 1 | |
| Moon Well | 18 | |
| Ancient of War | 1 | |
| Ancient of Wonders | 2 | |
| Tree of Life | 1 | |
| Hunter's Hall | 1 | |
| Ancient Protector | 8 | |
| Tree of Ages | 1 | |
| Tree of Eternity | 1 | |
| Ancient of Wind | 4 | |
| Ancient of Lore | 1 | |
| Arcane Tower | 6 | |
45 total
» build order
00:21 Altar of Elders
00:34 Moon Well
01:05 Ancient of War
01:58 Moon Well
02:26 Moon Well
02:57 Moon Well
03:10 Ancient of Wonders
04:03 Tree of Life
04:34 Hunter's Hall
05:20 Moon Well
05:47 Ancient Protector
05:49 Ancient Protector
05:50 Ancient Protector
05:52 Ancient Protector
06:15 Ancient Protector
06:16 Ancient Protector
06:40 Ancient Protector
07:18 Tree of Ages
07:20 Ancient of Wonders
07:41 Ancient Protector
09:29 Moon Well
10:04 Tree of Eternity
10:13 Ancient of Wind
10:17 Ancient of Lore
10:29 Moon Well
10:47 Moon Well
10:55 Moon Well
10:57 Moon Well
11:54 Moon Well
11:57 Moon Well
12:20 Moon Well
14:04 Ancient of Wind
14:06 Ancient of Wind
14:08 Moon Well
15:40 Arcane Tower
15:43 Arcane Tower
15:45 Arcane Tower
15:45 Arcane Tower
15:51 Moon Well
15:55 Moon Well
19:43 Moon Well
19:46 Moon Well
21:03 Ancient of Wind
» items
| Scroll of Speed | 1 | |
| Potion of Healing | 5 | |
| Moonstone | 2 | |
| Scroll of Town Portal | 5 | |
| Staff of Preservation | 1 | |
| Orb of Venom | 2 | |
| Ivory Tower | 3 | |
| Orb of Lightning | 1 | |
| Potion of Lesser Invulnerability | 1 | |
21 total
GULAG (
pink | 50 APM | 1094 actions | 21:48)
3 Dreadlord
2 Vampiric Aura
1 Sleep
3 Death Knight
2 Death Coil
1 Death Pact
» actions
| Assign group hotkey | 19 | |
| Basic commands | 49 | |
| Build / train | 100 | |
| Enter build submenu | 19 | |
| Enter hero's abilities submenu | 6 | |
| Give item / drop item | 2 | |
| Remove unit from queue | 5 | |
| Right click | 388 | |
| Select / deselect | 217 | |
| Select group hotkey | 227 | |
| Use ability | 62 | |
1094 total
» units
| Acolyte | 8 | |
| Ghoul | 6 | |
| Abomination | 49 | |
63 total
» upgrades
| Cannibalize | 1 | |
| Unholy Strength | 3 | |
| Unholy Armor | 3 | |
7 total
» buildings
| Altar of Darkness | 1 | |
| Ziggurat | 10 | |
| Crypt | 1 | |
| Halls of the Dead | 2 | |
| Graveyard | 1 | |
| Tomb of Relics | 1 | |
| Black Citadel | 2 | |
| Slaughterhouse | 2 | |
20 total
» build order
00:58 Altar of Darkness
01:03 Ziggurat
01:07 Crypt
03:07 Halls of the Dead
03:07 Halls of the Dead
03:31 Graveyard
03:38 Tomb of Relics
03:42 Ziggurat
03:58 Ziggurat
05:31 Black Citadel
05:31 Black Citadel
06:09 Slaughterhouse
06:20 Slaughterhouse
07:01 Ziggurat
07:01 Ziggurat
07:22 Ziggurat
11:51 Ziggurat
11:51 Ziggurat
19:35 Ziggurat
19:36 Ziggurat
» items
| Rod of Necromancy | 1 | |
| Potion of Healing | 4 | |
| Scroll of Town Portal | 7 | |
12 total
Chat log
(00:05 / All) serbon: ARE U RETARD?
(00:10 / All) NightElftest: loool
(00:37 / All) serbon: HELLO MY FRIEND ARE U RETARD?
(00:47 / Allies) NightElftest: who?
(00:53 / Allies) serbon: 0/6
(01:03 / Allies) NightElftest: fuck
(01:12 / Allies) NightElftest: why is searching games if is afk?
(01:23 / Allies) serbon: RETARD
(01:28 / Allies) NightElftest: what a total retard
(01:37 / Allies) serbon: GREEN ARE U TOTAL RETARD?
(01:48 / Allies) NightElftest: is a total waste of time
(01:50 / Allies) NightElftest: and air
(01:58 / Allies) serbon: AND H2O
(01:58 / Allies) NightElftest: get a life u idiot
(02:10 / Allies) NightElftest: u fucking trash noob
(02:22 / Allies) serbon: ARE U TRASH RETARD NOOB?
(02:36 / Allies) NightElftest: is just an idiot
(03:08 / Allies) NightElftest: just to ruin others fun
(03:11 / Allies) NightElftest: is a retard
(03:26 / All) IPlayLater: My IQ is at least 85, decidedly not retarded
(03:33 / All) serbon: :d
(03:35 / Allies) NightElftest: trash nerd
(03:46 / Allies) NightElftest: u act like a retard
(03:50 / Allies) NightElftest: u fucking looser
(03:55 / All) IPlayLater: that's how your mother likes it
(04:01 / Allies) NightElftest: just 1 tower?
(04:04 / Allies) NightElftest: is that all?
(04:08 / Allies) NightElftest: u are a retard
(04:20 / Allies) serbon: are u trash noob retard?
(04:28 / Allies) IPlayLater: No to every charge
(04:44 / Allies) NightElftest: u fucking suck
(04:45 / Allies) IPlayLater: I'm an elite veteran and a genius
(04:46 / Allies) NightElftest: u retard
(04:56 / Allies) NightElftest: seem so...
(05:01 / Allies) IPlayLater: I'll play later, if my base hasn't been destroyed
(05:04 / Allies) NightElftest: just 1 tower after 10 min
(05:07 / Allies) NightElftest: u are a genius
(05:09 / Allies) NightElftest: loool
(05:13 / Allies) NightElftest: u fucking retard
(05:21 / Allies) biteuh: just shut and play guys
(05:22 / Allies) biteuh: pls
(06:15 / Allies) NightElftest: look
(06:19 / Allies) NightElftest: what a smart guy....
(06:21 / Allies) NightElftest: loooool
(06:48 / Allies) NightElftest: how do u want to win if u make 100 towers and no unit or hero?
(06:53 / Allies) NightElftest: tell me genius...
(06:54 / Allies) NightElftest: how?
(07:00 / Allies) NightElftest: u fucking stupid monkey
(07:04 / Allies) NightElftest: u are useless
(07:06 / Allies) IPlayLater: if my stuff is still standing I'll make units
(07:09 / Allies) IPlayLater: 15 minutes or so
(07:14 / Allies) NightElftest: looooooooooool
(07:17 / Allies) NightElftest: get the fuck out
(07:22 / Allies) NightElftest: u are very stupid man
(08:01 / Allies) IPlayLater: poor micro orange
(08:09 / Allies) IPlayLater: you let htat hunt get away, could have picked it off with bm
(08:12 / Allies) NightElftest: i rape him
(08:15 / Allies) NightElftest: u idiot
(08:16 / Allies) IPlayLater: I give you a D-, even an F+
(08:19 / Allies) NightElftest: i kill his hero
(08:22 / Allies) NightElftest: and 4 units
(08:24 / Allies) NightElftest: u stupid noob
(08:28 / Allies) NightElftest: come and help
(08:28 / Allies) IPlayLater: D--
(08:32 / Allies) NightElftest: and stop watching
(08:36 / Allies) NightElftest: like an observer
(08:38 / Allies) NightElftest: u trash noob
(08:50 / Allies) IPlayLater: charge in with weak grunt to towers lol
(08:58 / Allies) IPlayLater: let weak grunt lead
(08:59 / Allies) IPlayLater: smart one
(09:24 / Allies) IPlayLater: those towers are weak
(09:25 / Allies) NightElftest: u fucking suck
(09:34 / Allies) NightElftest: go and detroye them
(09:37 / Allies) NightElftest: u idiot
(09:39 / Allies) NightElftest: go atack
(09:43 / Allies) NightElftest: hahahaha
(09:45 / Allies) NightElftest: u pussy
(09:51 / Allies) serbon: i make throewers
(09:58 / Allies) NightElftest: fuck u
(10:26 / All) IPlayLater: Come and get some
(12:33 / Allies) serbon: green play
(12:34 / Allies) serbon: psl
(12:56 / Allies) NightElftest: is playing
(12:57 / Allies) NightElftest: lol
(15:11 / Allies) NightElftest: tp
(15:12 / Allies) NightElftest: back
(16:28 / Allies) biteuh: take this green ?
(16:38 / Allies) IPlayLater: aite
(20:07 / Allies) NightElftest: come blue
(20:07 / Allies) biteuh: 3 here
(20:17 / Allies) NightElftest: move blue
(22:18 / All) serbon: SERB FTW\6